 Dungeon Crawl Stone Soup version 0.18-a0-1426-g3b9a63c (webtiles) character file.

11 M4edhros the Charlatan (level 2, -2/18 HPs)
             Began as an Octopode Artificer on Feb 28, 2016.
             Slain by a hobgoblin
             ... wielding a +0 club
              (4 damage)
             ... on level 2 of the Dungeon.
             The game lasted 00:00:28 (498 turns).

M4edhros the Charlatan (Octopode Artificer)          Turns: 498, Time: 00:00:28

Health: -2/18      AC:  1    Str: 10    XL:     2   Next: 29%
Magic:  4/4        EV: 12    Int: 14    God:
Gold:   35         SH:  0    Dex: 12    Spells: 0 memorised, 1 level left

rFire  . . .     SeeInvis .       - Unarmed
rCold  . . .     Gourm    .     (no shield)
rNeg   . . .     Faith    .     (helmet restricted)
rPois  .         Spirit   .     (no amulet)
rElec  .         Dismiss  .     (no ring)
rCorr  .         Reflect  .     (no ring)
SustAt .         Harm     .     (no ring)
MR     .....                    (no ring)
Stlth  +++.......               (no ring)
                                (no ring)
                                (no ring)
                                (no ring)

@: not resistant to hostile enchantments, fairly stealthy
A: almost no armour, amphibious, 8 rings, constrict 8, camouflage 1, gelatinous
body 1
a: no special abilities


You were on level 2 of the Dungeon.
You were not hungry.

You visited 1 branch of the dungeon, and saw 2 of its levels.

You collected 35 gold pieces.

Inventory:

Wands
 b - a wand of flame (14/48)
 c - a wand of enslavement (15/24)
 d - a wand of random effects (15/48)
Scrolls
 e - a scroll of amnesia {unknown}
 g - a scroll of blinking {unknown}
 i - a scroll of fear {unknown}
 j - a scroll of magic mapping {unknown}
 k - a scroll of identify {unknown}
Potions
 h - a potion of might {unknown}
Comestibles
 a - 3 meat rations
 f - a bread ration


   Skills:
 - Level 1.0 Fighting
   Level 1.0 Short Blades
 - Level 2.0 Dodging
 - Level 1.3 Stealth
 + Level 1.9 Unarmed Combat
 - Level 3.2 Evocations


You had one spell level left.
You didn't know any spells.

Dungeon Overview and Level Annotations

Branches:
Dungeon (2/15)

Altars:
The Shining One


Innate Abilities, Weirdness & Mutations

You cannot wear most types of armour.
You are amphibious.
You can wear up to eight rings at the same time.
You can use your tentacles to constrict eight enemies at once.
Your skin changes colour to match your surroundings (Stealth).
Your rubbery body absorbs attacks (AC +1).


Message History

The hobgoblin shouts!
The hobgoblin hits you with a club!
* * * LOW HITPOINT WARNING * * *
Found 17 gold pieces.
Found a stone staircase leading down.
A hobgoblin is nearby!
You are too injured to fight recklessly!
A hobgoblin is nearby!
You are too injured to fight recklessly!
A hobgoblin is nearby!
You are too injured to fight recklessly!
A hobgoblin is nearby!
You are too injured to fight recklessly!
Evoke which item? (* to show all) (? for menu, Esc to quit)
Zapping:
b - a wand of flame (15/48)
Press: ? - help, Shift-Dir - straight line, f - hobgoblin
Aim: a hobgoblin, wielding a club The puff of flame hits the hobgoblin.
The hobgoblin is lightly wounded.
This wand has 14 charges left.
The hobgoblin hits you with a club.
You die...

.....#..# #.#.#
#......#####...#
#.........##..#
#.............#
...........#..##
#.........###).##
..........#
##..##
..........# ##..#
..........# ##@#
..........# #g#
..######.## ...
#.# .. ..... #.#
......# #......#
#.$....# #.....>#


You could see a hobgoblin.

Vanquished Creatures
  A dart slug (D:2)
  2 jackals (D:2)
  4 kobolds
  A giant newt (D:1)
  A rat (D:1)
9 creatures vanquished.

Notes
Turn   | Place    | Note
--------------------------------------------------------------
     0 | D:1      | M4edhros the Octopode Artificer began the quest for the Orb.
     0 | D:1      | Reached XP level 1. HP: 13/13 MP: 3/3
    60 | D:1      | Found a glowing golden altar of the Shining One.
   300 | D:1      | Reached skill level 1 in Unarmed Combat
   462 | D:2      | Reached XP level 2. HP: 11/18 MP: 4/4
   498 | D:2      | Slain by a hobgoblin

Vault maps used:
D:1:      dpeg_arrival_refuge, tso_metal_star
D:2:      nicolae_overflow_hidden_temple, first_bread, kennysheep_doodads,
          lemuel_tele_altar

Skill      XL: |  1 |
---------------+----+-----
Unarmed Combat | 1 |  1.9
Fighting       | |  1.0
Short Blades   | |  1.0
Dodging        | |  2.0
Stealth        | |  1.3
Evocations     | |  3.2

Action                   || total
-------------------------++-------
Melee: Unarmed           ||    26
Evoke: Wand              ||     1
 Stab: Sleeping          ||     3
